 Dungeon Crawl Stone Soup version 0.31-a0-1424-g2add1c7226 (webtiles) character file.

Game seed: 16724804529930374985

70 porpoise the Shooter (level 4, -4/38 HPs)
             Began as a Minotaur Hunter on Dec 27, 2023.
             Killed from afar by an orc wizard (8 damage)
             ... with a magic dart
             ... on level 3 of the Dungeon.
             The game lasted 00:03:09 (1205 turns).

porpoise the Shooter (Minotaur Hunter)              Turns: 1205, Time: 00:03:10

Health: -4/38      AC:  3    Str: 22    XL:     4   Next: 3%
Magic:  3/3        EV: 12    Int:  6    God:
Gold:   196        SH:  0    Dex: 15    Spells: 3/3 levels left

rFire   . . .        b - +0 mace
rCold   . . .        (no shield)
rNeg    . . .        c - +0 leather armour
rPois   .            (helmet restricted)
rElec   .            (no cloak)
rCorr   .            (no gloves)
SInv    .            (no boots)
Will    .....        (no amulet)
Stlth   +            i - +6 ring of strength
HPRegen 0.26/turn    (no ring)
MPRegen 0.08/turn

%: no passive effects
@: very slightly contaminated, hasted, very quick
A: horns 2, retaliatory headbutt
a: no special abilities


You were on level 3 of the Dungeon.
You visited 1 branch of the dungeon, and saw 3 of its levels.

You collected 196 gold pieces.

Inventory:

Hand Weapons
 a - a +0 shortbow
 b - a +0 mace (weapon)
Armour
 c - a +0 leather armour (worn)
Jewellery
 i - a +6 ring of strength (left hand)
 m - a ring of ice
Scrolls
 e - a scroll of brand weapon {unknown}
 f - a scroll of identify {unknown}
 g - a scroll of butterflies
 k - a scroll of poison {unknown}
 l - a scroll of teleportation
Potions
 j - a potion of resistance {unknown}
 n - a potion of lignification {unknown}


   Skills:
 + Level 3.3 Fighting
 * Level 5.4 Ranged Weapons
 + Level 2.0 Armour
 - Level 2.1 Dodging
 - Level 0.7 Stealth


You had 3 spell levels left.
You didn't know any spells.
Your spell library contained the following spells:

 Spells                   Type           Power      Damage    Failure   Level
 Magic Dart               Conj           0%         1d3       50%         1
 Searing Ray              Conj           0%         2d4       65%         2
 Fulminant Prism          Conj/Alch      0%         3d5       99%         4


Dungeon Overview and Level Annotations

Branches:
Dungeon (3/15)

Altars:


Innate Abilities, Weirdness & Mutations

You have a pair of horns on your head.
You reflexively headbutt those who attack you in melee.


Message History

You headbutt the orc priest!
You kill the orc priest!
Something hits you.
You hear some strange, mumbled words.
You are confused.
Your Armour skill increases to level 2!
You have reached level 4!
You feel stronger.
b - a +0 mace (weapon)
Something hits you. Something hits you.
The orc hits you with a +0 flail of protection.
You hear some strange, mumbled words.
Something tries to affect you, but you resist.
You barely miss the orc.
The orc hits you with a +0 flail of protection.
The orc closely misses you. x2
You hit the orc.
The orc is severely wounded.
You feel less confused. The orc hits you with a +0 short sword.
Something barely misses you. The orc barely misses you. Something hits you.
* * * LOW HITPOINT WARNING * * *
The orc hits you with a +0 short sword.
* * * LOW HITPOINT WARNING * * *
Okay, then.
You closely miss something. The orc barely misses you. You furiously retaliate!
You headbutt the orc!
You kill the orc!
Something hits you.
* * * LOW HITPOINT WARNING * * *
The orc closely misses you.
It was a potion of cancellation.
You feel magically purged.
You are very lightly contaminated with residual magic.
Something hits you but does no damage. The orc closely misses you.
It was a potion of haste.
You feel yourself speed up.
You hear some strange, mumbled words.
A magic dart appears from out of thin air!
The magic dart hits you!
You die...

....
############....
...............
#..#..........
####..#..........
................
#...........##
#.....{@.....#
#.....)o.....#
#......).....>.
#......).......
###....###..###.#
#......###..# #
#.##........).
#)#....#.#.....
#####.#......#
.....


You could see an orc.

Vanquished Creatures
  An orc priest (D:3)
  2 dart slugs
  3 orcs (D:3)
  2 ball pythons
  3 endoplasms
  A giant cockroach (D:1)
  4 goblins (D:1)
  A hobgoblin (D:1)
  2 quokkas
  7 bats
  2 frilled lizards (D:1)
  2 kobolds
  3 rats
33 creatures vanquished.

Notes
Turn   | Place    | Note
-------+----------+-------------------------------------------
     0 | D:1      | porpoise the Minotaur Hunter began the quest for the Orb.
     0 | D:1      | Reached XP level 1. HP: 18/18 MP: 0/0
    63 | D:1      | Reached XP level 2. HP: 25/25 MP: 1/1
   137 | D:1      | Reached skill level 1 in Armour
   613 | D:2      | Reached skill level 5 in Ranged Weapons
   679 | D:2      | Reached XP level 3. HP: 31/31 MP: 2/2
  1197 | D:3      | Reached XP level 4. HP: 28/38 MP: 3/3
  1205 | D:3      | Killed from afar by an orc wizard

Illustrated notes

Levels and vault maps discovered:
D:1:      lightli_arrival_maybe_door_vault, layout_basic, minmay_close_crescents
D:2:      layout_basic
D:3:      layout_basic, mainiacjoe_overflow_cross_hatched, grunt_qazlal_clouds,
          kennysheep_donut

Skill      XL: |  1  2  3 |
---------------+----------+-----
Armour         | 1 2 |  2.0
Ranged Weapons | 5 |  5.4
Fighting       | 3 |  3.3
Dodging        | |  2.1
Stealth        | |  0.7

Action                     |  1- 3 |  4- 6 || total
---------------------------+-------+-------++-------
  Melee: Mace              |       |     3 ||     3
   Fire: Shortbow          |    84 |       ||    84
    Use: Scroll            |     1 |       ||     1
         Potion            |       |     2 ||     2
 Armour: Leather armour    |    11 |    10 ||    21
  Dodge: Dodged            |    15 |     7 ||    22

Table legend: (Time is in decaauts)
 A = Elapsed time spent in this place.
 B = Non-inter-level travel time spent in this place.
 C = Inter-level travel time spent in this place.
 D = Time resting spent in this place.
 E = Time spent auto-exploring this place.
 F = Levels seen in this place.
 G = Mean time per level.
                   A        B        C        D        E       F      G
               +--------+--------+--------+--------+--------+-----+--------+
         Total |   1220 |   1188 |     32 |      0 |   1014 |   3 |  406.7 |
       Dungeon |   1220 |   1188 |     32 |      0 |   1014 |   3 |  406.7 |
               +--------+--------+--------+--------+--------+-----+--------+

Top non-repeatable levels by time:
     D:2: 687 daAuts
     D:1: 484 daAuts
     D:3: 48 daAuts
